 Dungeon Crawl Stone Soup version 0.27-a0-1196-g3e9cee4cb2 (webtiles) character file.

Game seed: 8431262283733985647

6991 2tc the Martial Artist (level 11, -3/87 HPs)
             Began as a Djinni Transmuter on May 29, 2021.
             Was an Elder of Hepliaklqana.
             Slain by a yak (11 damage)
             ... on level 8 of the Dungeon.
             The game lasted 00:46:02 (12873 turns).

2tc the Martial Artist (Djinni Transmuter)         Turns: 12873, Time: 00:46:03

Health: -3/87      AC:  7    Str: 11    XL:     11   Next: 28%
Gold:   255        EV:  9    Int: 15    God:    Hepliaklqana [****..] SH:  0 Dex: 15

rFire    . . .     SeeInvis .     - Unarmed
rCold    . . .     Faith    .   (shield currently unavailable)
rNeg     + . .     Spirit   .   (armour currently unavailable)
rPois    ∞         Reflect  .   (helmet currently unavailable)
rElec    .         Harm     .   (cloak currently unavailable)
rCorr    .         Rampage  .   (gloves currently unavailable)
Will     +....                  (boots unavailable)
Stlth    +.........             (no amulet)
HPRegen  0.24/turn              n - +4 ring of slaying
MPRegen  0.00/turn              w - ring of positive energy

@: hydra-form, flying
A: fast swimmer, devour, flying, boosted hp, reduced essence, sickness immunity,
very large, (fire resistance 2), (cold vulnerability 1), float, innate caster,
hp casting, extra vitality 1
a: End Transformation, Renounce Religion, Recall Ancestor, Ancestor Identity,
Transference, Idealise


You were on level 8 of the Dungeon.
You worshipped Hepliaklqana.
Hepliaklqana was greatly pleased with you.
You were a three-headed hydra.
You visited 1 branch of the dungeon, and saw 8 of its levels.
You also visited: Sewer and Ossuary.

You collected 420 gold pieces.
You spent 165 gold pieces at shops.

Inventory:

Missiles
 b - 173 stones
 z - 2 throwing nets
Armour
 u - the +1 pair of gloves of Eye-covered Joy {*Corrode Will++ Int+3 Slay+3}
   (You found it on level 8 of the Dungeon)

   It affects your intelligence (+3).
   It affects your accuracy and damage with ranged weapons and melee attacks
   (+3).
   It may corrode you when you take damage.
   It greatly increases your willpower.
 v - a +1 pair of gloves (melded)
 x - +1 acid dragon scales (melded)
 y - a +0 cloak (melded)
Jewellery
 n - a +4 ring of slaying (left foreclaw)
 w - a ring of positive energy (right foreclaw)
Wands
 l - a wand of iceblast (1)
 m - a wand of digging (6)
Scrolls
 d - 5 scrolls of teleportation
 e - 2 scrolls of enchant weapon
 i - 2 scrolls of fog
 o - 2 scrolls of immolation
 p - 2 scrolls of fear
 q - a scroll of identify
 t - a scroll of magic mapping
Potions
 a - a potion of berserk rage {unknown}
 c - a potion of lignification
 f - 2 potions of cancellation
 g - 3 potions of degeneration {unknown}
 h - 3 potions of mutation
 j - 2 potions of might {unknown}
 k - 4 potions of attraction {unknown}
 r - 2 potions of brilliance {unknown}
 s - 3 potions of curing
 A - 2 potions of haste
 B - 2 potions of resistance {unknown}


   Skills:
 - Level 5.0 Fighting
 - Level 4.0 Armour
 - Level 5.0 Dodging
 - Level 10.0 Unarmed Combat
 + Level 9.0 Spellcasting


You couldn't memorise any spells.
You knew the following spells:

 Your Spells              Type           Power      Damage    Failure   Level
a - Beastly Appendage     Tmut           66%        N/A       1%          1
b - Wereblood             Tmut           33%        N/A       1%          2
c - Spider Form           Tmut/Pois      16%        N/A       1%          3
d - Ice Form              Ice/Tmut       33%        N/A       2%          4
e - Hydra Form            Tmut           16%        N/A       8%          5
f - Freeze                Ice            100%       1d11      1%          1
g - Ensorcelled Hibernat  Hex/Ice        66%        N/A       1%          2
h - Frozen Ramparts       Ice            66%        1d8       1%          3
i - Animate Armour        Summ/Erth      66%        N/A       2%          4
j - Animate Dead          Necr           16%        N/A       2%          4
Your spell library was empty.

Dungeon Overview and Level Annotations

Branches:
Dungeon (8/15)             Temple (0/1) D:5            Lair (0/6) D:8
  Sewer (visited)         Ossuary (visited)

Altars:
Cheibriados
Fedhas
Gozag
Hepliaklqana
Kikubaaqudgha
Ru
Uskayaw
Vehumet
Zin
The Shining One

Shops:
D:6 *[*

Annotations:
D:7 1 runed translucent door, philipeq's ghost, novice DrCj


Innate Abilities, Weirdness & Mutations

You are a three-headed hydra.
You swim very quickly.
You can devour living enemies to heal.
You are flying.
Your maximum health is greatly increased.
Your armour is entirely melded.
You are incapable of wielding weapons or throwing items.
Your life essence is reduced to manifest your ancestor. (-10% HP)
You are immune to sickness and miasma.
You are immune to poison.
((Your flesh is very heat resistant. (rF++)))
((You are vulnerable to cold. (rC-)))
You float through the air rather than walking.
You learn spells naturally, not from books.
Your magical power is your life essence.
You have superior vitality. (+4 HP)


Message History

You nip at the yak but do no damage.
The yak barely misses you.
Kammani hits the yak with a +0 dagger of draining.
Kammani drains the yak.
You nip at the yak.
The yak is almost dead.
You bite the yak! x2; The yak gores you!
Kammani hits the yak with a +0 dagger of draining.
Kammani drains the yak.
You bite the yak!
The yak is almost dead.
You bite the yak! You barely miss the yak. You bite the yak!
The yak barely misses you. The yak completely misses you.
You bite the yak!
You devour the yak!
You feel better.
You kill the yak!
You bite the yak!
You nip at the yak.
You barely miss the yak. The yak barely misses you.
The yak gores Kammani!
The yak closely misses you. The yak gores you!
You nip at the yak.
The yak is heavily wounded.
You nip at the yak. x2; You bite the yak!
You devour the yak!
You feel better.
You kill the yak!
You bite the yak!
The yak gores Kammani!
Kammani barely misses the yak.
The yak completely misses you.
The yak gores you but does no damage. x2
The yak gores Kammani!
Your Spellcasting skill increases to level 9!
You nip at the yak but do no damage.
The yak is heavily wounded.
You nip at the yak. x3; The yak gores Kammani!
Kammani is destroyed!
The yak gores you! The yak gores you. The yak gores you!
You bite the yak!
The yak is almost dead.
You bite the yak!
You nip at the yak.
You bite the yak! The yak gores you! x2
* * * LOW HITPOINT WARNING * * *
The yak gores you!
* * * LOW HITPOINT WARNING * * *
The yak barely misses you. The yak gores you.
* * * LOW HITPOINT WARNING * * *
The yak gores you!
You die...

........... #≈≈....≈≈##.......#
....##..... #≈≈≈..≈≈≈##......##
.....##.....#≈≈≈≈≈≈≈≈#........#
.##.... ..##########........#
..###... #.##.# #...........##
........###.#..# ##.........#.##
..........#....####............#
..............YY##.........##..##
..............YYD...#..###.##...#
...............YY...#[..#..#....#
...........................#...##
...................[.<..#.....##
................[[.#..###.....##
#.............)[..###..####....#
###...#.#...##[#...#...# ##...#
.###..#.##.#.#.#..##...## ##..#
.###..#...........#.....## ####


You could see 6 yaks.

Vanquished Creatures
  Maurice (D:8)
  Psyche (D:8)
  Maggie (D:7)
  Prince Ribbit (D:6)
  A hornet (D:8)
  Sigmund (D:5)
  5 wyverns (D:8)
  4 yaks
  Menkaure (Ossuary)
  3 water moccasins
  An orc warrior (D:8)
  A necrophage (D:4)
  4 ogres
  5 bullfrogs
  A wyvern zombie (D:3)
  2 gnoll sergeants (D:8)
  2 scorpions
  A water moccasin zombie (D:7)
  A water moccasin skeleton (D:7)
  6 killer bees (D:4)
  3 wights (D:8)
  A howler monkey (D:4)
  2 centaur zombies
  A centaur skeleton (D:7)
  2 hounds (D:6)
  2 orc priests
  Terence (D:3)
  A hound skeleton (D:4)
  3 mummies (Ossuary)
  A howler monkey zombie (D:7)
  8 gnolls (D:8)
  8 adders
  3 river rats (Sewer)
  A shadow imp (D:7)
  2 white imps
  2 adder skeletons (D:4)
  3 worms (D:2)
  2 dart slugs
  17 orcs
  3 bat zombies (D:6)
  7 endoplasms
  4 gnoll zombies (Ossuary)
  4 goblins
  3 hobgoblins
  4 quokkas
  11 ball pythons
  2 bats
  A frilled lizard (D:1)
  4 gnoll skeletons (Ossuary)
  A goblin skeleton (Ossuary)
  6 goblin zombies (Ossuary)
  4 hobgoblin skeletons (Ossuary)
  3 hobgoblin zombies (Ossuary)
  3 kobolds
  3 kobold skeletons (Ossuary)
  3 kobold zombies (Ossuary)
  5 orc skeletons (Ossuary)
  3 orc zombies (Ossuary)
  25 rats
  8 rat skeletons (Ossuary)
  7 rat zombies
220 creatures vanquished.

Vanquished Creatures (collateral kills)
  Harold (D:8)
  A steam dragon (D:8)
  2 water moccasins
  An orc warrior (D:8)
  An ogre (D:6)
  A scorpion (D:6)
  A bullfrog zombie (D:7)
  A jelly (D:6)
  2 bullfrog skeletons
  3 iguanas
  An orc wizard (D:4)
  A scorpion zombie (D:5)
  An adder (D:3)
  A worm (D:4)
  A dart slug (D:2)
  2 orcs (D:4)
  6 ball pythons (Sewer)
  An endoplasm (D:4)
  A goblin (D:3)
  A hobgoblin (D:2)
  2 frilled lizards (Sewer)
  A kobold (D:3)
  9 rats
42 creatures vanquished.

Vanquished Creatures (others)
  4 hexers
  An ancestor (D:3)
  2 bushes (D:8)
  5 fungi (D:8)
  17 plants (D:8)
29 creatures vanquished.

Grand Total: 291 creatures vanquished

Notes
Turn   | Place    | Note
-------+----------+-------------------------------------------
     0 | D:1      | 2tc the Djinni Transmuter began the quest for the Orb.
     0 | D:1      | Reached XP level 1. HP: 17/17 MP: 0/0
   807 | D:1      | Reached XP level 2. HP: 18/22 MP: 0/0
  2016 | D:2      | Reached skill level 4 in Unarmed Combat
  2016 | D:2      | Reached XP level 3. HP: 10/27 MP: 0/0
  2016 | D:2      | Learned a level 1 spell: Freeze
  2587 | D:2      | Found a faded altar of an unknown god.
  2594 | D:2      | Became a worshipper of Hepliaklqana the Forgotten
  2594 | D:2      | Reached * piety under Hepliaklqana
  3040 | D:2      | Found a snail-covered altar of Cheibriados.
  3140 | D:2      | Reached XP level 4. HP: 28/28 MP: 0/0
  3322 | D:3      | Noticed Terence
  3337 | D:3      | Killed Terence
  3965 | D:3      | Reached ** piety under Hepliaklqana
  3966 | D:3      | Remembered your ancestor Kammani as a hexer
  3992 | D:3      | Reached skill level 5 in Unarmed Combat
  3992 | D:3      | Reached XP level 5. HP: 18/33 MP: 0/0
  3992 | D:3      | Learned a level 2 spell: Ensorcelled Hibernation
  4206 | D:3      | Found a glowing golden altar of the Shining One.
  4317 | D:3      | Found a sacrificial altar of Ru.
  4394 | D:4      | Reached XP level 6. HP: 32/37 MP: 0/0
  4501 | D:4      | Noticed an ogre
  4510 | D:4      | Killed an ogre
  4511 | D:4      | Reached skill level 6 in Unarmed Combat
  5003 | D:4      | Reached XP level 7. HP: 38/42 MP: 0/0
  5003 | D:4      | Learned a level 3 spell: Frozen Ramparts
  5325 | D:4      | Reached skill level 7 in Unarmed Combat
  5335 | D:4      | Reached XP level 8. HP: 12/46 MP: 0/0
  6074 | D:5      | Entered Level 5 of the Dungeon
  6149 | D:5      | Found a staircase to the Ecumenical Temple.
  6302 | D:5      | Reached skill level 5 in Spellcasting
  6438 | D:5      | Reached *** piety under Hepliaklqana
  6448 | D:5      | Found an opulent altar of Gozag.
  6550 | D:5      | Found a hazy altar of Hepliaklqana.
  6625 | D:5      | Found a glowing drain.
  6629 | Sewer    | Entered a sewer
  7375 | D:5      | Noticed Sigmund
  7397 | D:5      | Killed Sigmund
  7402 | D:5      | Reached XP level 9. HP: 40/51 MP: 0/0
  7402 | D:5      | Learned a level 4 spell: Animate Armour
  8071 | D:6      | Noticed Prince Ribbit
  8081 | D:6      | Reached skill level 5 in Dodging
  8087 | D:6      | Killed Prince Ribbit
  8183 | D:6      | Found Qurghuom's Antique Armour Shop.
  8188 | D:6      | Bought a pair of embroidered gloves for 165 gold pieces
  8251 | D:6      | Found Gyivvuaps's General Store.
  8667 | D:6      | Found Ypses's General Store.
  9304 | D:7      | Noticed Maggie
  9319 | D:7      | Killed Maggie
  9463 | D:7      | Found a sand-covered staircase.
  9472 | Ossuary  | Entered an ossuary
  9679 | Ossuary  | Reached XP level 10. HP: 55/55 MP: 0/0
  9722 | Ossuary  | Noticed Menkaure
 10053 | Ossuary  | Killed Menkaure
 10054 | Ossuary  | Reached skill level 8 in Unarmed Combat
 10770 | D:7      | Found a runed translucent door.
 10952 | D:7      | Found a hide-covered altar of Uskayaw.
 10993 | D:7      | Reached **** piety under Hepliaklqana
 11301 | D:7      | Noticed philipeq's ghost (novice DrCj)
 11332 | D:8      | Noticed Psyche
 11332 | D:8      | Noticed Harold
 11421 | D:8      | Reached skill level 9 in Unarmed Combat
 11463 | D:8      | Killed Harold
 11464 | D:8      | Reached skill level 10 in Unarmed Combat
 12170 | D:8      | Killed Psyche
 12241 | D:8      | Identified the +1 pair of gloves of Eye-covered Joy
                  | {*Corrode Will++ Int+3 Slay+3}
 12287 | D:7      | Reached XP level 11. HP: 66/66 MP: 0/0
 12287 | D:7      | Learned a level 4 spell: Animate Dead
 12367 | D:8      | Noticed Maurice
 12372 | D:8      | Reached skill level 5 in Fighting
 12378 | D:8      | Killed Maurice
 12596 | D:8      | Found a staircase to the Lair.
 12757 | D:8      | Found a glowing silver altar of Zin.
 12760 | D:8      | Found a blossoming altar of Fedhas.
 12873 | D:8      | Slain by a yak

Illustrated notes

Levels and vault maps discovered:
D:1:      dpeg_arrival_signposts, layout_loops_corners
D:2:      layout_basic, basic_altar, shapermc_ecumenical_altar_totnotflames
D:3:      layout_rooms, lemuel_tele_altar, nicolae_overflow_hidden_temple,
          minmay_misc_feat_ornament, minmay_puff, uniq_terence
D:4:      layout_basic, minmay_misc_feat_chi
D:5:      layout_basic, nicolae_hepliaklqana_hippocampus, grunt_gozag_statues,
          temple_statues, gup_sewer_entry_bowl, uniq_sigmund
D:6:      layout_loops_ring, lemuel_zombie_altar_kikubaaqudgha, serial_shops,
          shop, nicolae_shop_temple_entry_statues_fountains, shop,
          uniq_prince_ribbit1
D:7:      layout_basic, kennysheep_mini_moat, ebering_ghost_reflecting_pool,
          lightli_ossuary_entry_decrepit_ruins, minmay_crystal_room,
          minmay_hedge_maze, uniq_maggie
D:8:      layout_cave_pools, minitemple, minmay_lair_entry_grove,
          kennysheep_generic_room_4, uniq_psyche, uniq_maurice, uniq_harold

Skill      XL: |  1  2  3  4  5  6  7  8  9 10 11 |
---------------+----------------------------------+-----
Unarmed Combat | 4 5 6 7 10 | 10.0
Spellcasting   | 2 3 4 6 8 9 |  9.0
Dodging        | 4 5 |  5.0
Armour         | 4 |  4.0
Fighting       | 4 5 |  5.0

Action                   |  1- 3 |  4- 6 |  7- 9 | 10-12 || total
-------------------------+-------+-------+-------+-------++-------
Melee: Unarmed           |   101 |    96 |   267 |   165 ||   629
       Punch             |     3 |     2 |     4 |     2 ||    11
       Headbutt          |     3 |     6 |     6 |       ||    15
 Cast: Beastly Appendage |    10 |     4 |     5 |       ||    19
       Freeze            |       |     4 |     5 |       ||     9
       Ensorcelled Hiber |       |     2 |     4 |       ||     6
       Frozen Ramparts   |       |       |     6 |     4 ||    10
       Spider Form       |       |       |     1 |     1 ||     2
       Ice Form          |       |       |     4 |    12 ||    16
       Hydra Form        |       |       |       |     2 ||     2
       Animate Dead      |       |       |       |     1 ||     1
Invok: Ancestor Identity |     1 |       |       |       ||     1
       Ancestor Life: He |       |     1 |       |       ||     1
       Recall Ancestor   |       |       |     2 |       ||     2
Evoke: Wand              |       |       |     3 |    10 ||    13
  Use: Scroll            |     4 |     2 |     7 |     5 ||    18
       Potion            |       |     3 |     4 |     2 ||     9
 Stab: Sleeping          |       |     2 |       |       ||     2
       Distracted        |       |     1 |     1 |     2 ||     4
       Confused          |       |       |     6 |     4 ||    10
Armor: Robe              |    13 |     9 |    19 |     1 ||    42
       Skin              |       |     5 |    12 |    22 ||    39
       Acid dragon scale |       |       |       |    11 ||    11
Dodge: Dodged            |    53 |    39 |   147 |   106 ||   345

Table legend: (Time is in decaauts)
 A = Elapsed time spent in this place.
 B = Non-inter-level travel time spent in this place.
 C = Inter-level travel time spent in this place.
 D = Time resting spent in this place.
 E = Time spent auto-exploring this place.
 F = Levels seen in this place.
 G = Mean time per level.
                   A        B        C        D        E       F      G
               +--------+--------+--------+--------+--------+-----+--------+
         Total |  12779 |  12454 |    325 |   3909 |   6670 |  10 | 1277.9 |
       Dungeon |  11517 |  11192 |    325 |   3436 |   6348 |   8 | 1439.6 |
         Sewer |    468 |    468 |      0 |    131 |    221 |   1 |  468.0 |
       Ossuary |    794 |    794 |      0 |    342 |    101 |   1 |  794.0 |
               +--------+--------+--------+--------+--------+-----+--------+

Top non-repeatable levels by time:
     D:7: 1814 daAuts
     D:4: 1692 daAuts
     D:1: 1664 daAuts
     D:2: 1649 daAuts
     D:5: 1500 daAuts
     D:6: 1130 daAuts
     D:3: 1043 daAuts
     D:8: 1021 daAuts
 Ossuary: 794 daAuts
   Sewer: 468 daAuts
